 Dungeon Crawl Stone Soup version 0.27-a0-590-g94244163b4 (webtiles) character file.

Game seed: 3826645328096034541

32 kae the Ruffian (level 3, -4/31 HPs)
             Began as a Naga Transmuter on Mar 10, 2021.
             Slain by a gnoll shaman
             ... wielding a +0 whip
              (9 damage)
             ... on level 1 of the Dungeon.
             The game lasted 00:00:48 (948 turns).

kae the Ruffian (Naga Transmuter)                    Turns: 948, Time: 00:00:48

Health: -4/31      AC:  2    Str: 13    XL:     3   Next: 25%
Magic:  6/6        EV: 10    Int: 13    God:
Gold:   129        SH:  0    Dex: 11    Spells: 5/6 levels left

rFire    . . .     SeeInvis +   e - +0 dagger (protect)
rCold    . . .     Faith    .   (no shield)
rNeg     . . .     Spirit   .   a - +0 robe
rPois    +         Reflect  .   (no helmet)
rElec    .         Harm     .   (no cloak)
rCorr    .         Rampage  .   (no gloves)
Will     .....                  (no barding)
Stlth    +.........             (no amulet)
HPRegen  0.10/turn              (no ring)
MPRegen  0.10/turn              (no ring)

@: very slow
A: large, see invisible, deformed body, poison resistance, slowness 2, spit
poison 1, naga tail 1, AC +1
a: Spit Poison


You were on level 1 of the Dungeon.
You visited 1 branch of the dungeon, and saw 2 of its levels.

You collected 129 gold pieces.

Inventory:

Hand Weapons
 e - a +0 dagger of protection (weapon)
Armour
 a - a +0 robe (worn)
Jewellery
 g - a ring of positive energy
Scrolls
 f - a scroll of identify
Potions
 c - a potion of cancellation


   Skills:
 + Level 1.4 Fighting
 + Level 1.8 Dodging
 * Level 3.4 Unarmed Combat
 + Level 2.2 Spellcasting
 * Level 2.4 Transmutations


You had 5 spell levels left.
You knew the following spells:

 Your Spells              Type           Power      Damage    Failure   Level
a - Beastly Appendage     Tmut           14%        N/A       9%          1

Your spell library contained the following spells:

 Spells                   Type           Power      Damage    Failure   Level
 Wereblood                Tmut           7%         N/A       14%         2
 Spider Form              Tmut/Pois      2%         N/A       41%         3
 Ice Form                 Ice/Tmut       4%         N/A       83%         4
 Blade Hands              Tmut           3%         N/A       94%         5


Dungeon Overview and Level Annotations

Branches:
Dungeon (2/15)

Altars:


Innate Abilities, Weirdness & Mutations

Your serpentine skin is tough. (AC +1)
You have supernaturally acute eyesight. (SInv)
Armour fits poorly on your strangely shaped body.
Your system is resistant to poisons. (rPois)
You cover ground very slowly.
You can spit poison.
You have a snake-like lower body.


Message History

Aim: a gnoll shaman, wielding a +0 whip and wearing a +0 leather armour (lightly wounded, poisoned)
The splash of poison hits the gnoll shaman.
The gnoll shaman looks even sicker.
The gnoll shaman is moderately wounded.
The gnoll shaman hits you with a +0 whip.
You barely miss the gnoll shaman.
The gnoll shaman is moderately wounded.
The gnoll shaman hits you with a +0 whip!
* * * LOW HITPOINT WARNING * * *
You can't do that yet.
You can't do that yet.
You barely miss the gnoll shaman.
The gnoll shaman is moderately wounded.
The gnoll shaman hits you but does no damage.
You can't do that yet.
You can't do that yet.
You hit the gnoll shaman but do no damage.
The gnoll shaman is heavily wounded.
The gnoll shaman barely misses you.
It was a potion of flight.
You feel very buoyant.
You fly up into the air.
The gnoll shaman hits you with a +0 whip.
* * * LOW HITPOINT WARNING * * *
It was a potion of cancellation.
Your magical effects are unravelling.
You feel magically purged.
You float gracefully downwards.
You are no longer glowing.
The gnoll shaman hits you with a +0 whip.
* * * LOW HITPOINT WARNING * * *
Okay, then.
As you read the scroll labelled OGHOT EZYIJ, it crumbles to dust.
You feel momentarily disoriented.
It was a scroll of magic mapping.
You have got your breath back.
The gnoll shaman hits you but does no damage.
As you read the scroll labelled EMNINE HIEM, it crumbles to dust.
It is a scroll of identify.
You don't have any unidentified items.
The gnoll shaman hits you with a +0 whip!
You die...

###### #.....
###.###. #.)...#.
#####.#. #.....
#############.####
#@g...............
#.###.#######.#.#.
#.# #.#### #.#.#. #.#
#....# #.#.## #.#
####.# #.#.##
####.######.# ##.#+##
#....##.....# #.....#
#...........# #(#...#
#...........###.#...#


You could see a gnoll shaman (poisoned).

Vanquished Creatures
  A gnoll (D:2)
  A dart slug (D:1)
  3 leopard geckos (D:1)
  A giant cockroach (D:2)
  A goblin (D:1)
  2 hobgoblins
  2 jackals (D:1)
  2 kobolds (D:1)
  3 frilled lizards (D:1)
16 creatures vanquished.

Vanquished Creatures (others)
  9 fungi (D:1)
  5 toadstools (D:1)
14 creatures vanquished.

Grand Total: 30 creatures vanquished

Notes
Turn   | Place    | Note
-------+----------+-------------------------------------------
     0 | D:1      | kae the Naga Transmuter began the quest for the Orb.
     0 | D:1      | Reached XP level 1. HP: 18/18 MP: 3/3
   178 | D:1      | Reached XP level 2. HP: 6/25 MP: 3/5
   873 | D:2      | Reached XP level 3. HP: 28/31 MP: 4/6
   948 | D:1      | Slain by a gnoll shaman

Illustrated notes

Levels and vault maps discovered:
D:1:      tarquinn_simple_flora_water_e, layout_basic, minmay_gold_behind_fungi
D:2:      layout_basic

Action                   || total
-------------------------++-------
Melee: Unarmed           ||    28
       Headbutt          ||     6
       Dagger            ||    17
       Punch             ||     1
 Cast: Beastly Appendage ||    11
 Abil: Spit Poison       ||    16
  Use: Scroll            ||     2
       Potion            ||     2
Armor: Robe              ||     9
Dodge: Dodged            ||    41

Table legend: (Time is in decaauts)
 A = Elapsed time spent in this place.
 B = Non-inter-level travel time spent in this place.
 C = Inter-level travel time spent in this place.
 D = Time resting spent in this place.
 E = Time spent auto-exploring this place.
 F = Levels seen in this place.
 G = Mean time per level.
                   A        B        C        D        E       F      G
               +--------+--------+--------+--------+--------+-----+--------+
         Total |   1085 |   1064 |     21 |     33 |    871 |   2 |  542.5 |
       Dungeon |   1085 |   1064 |     21 |     33 |    871 |   2 |  542.5 |
               +--------+--------+--------+--------+--------+-----+--------+

Top non-repeatable levels by time:
     D:1: 970 daAuts
     D:2: 114 daAuts
